[Event "French Top 16-A 2024"]
[Site "Chartres"]
[Date "2024.06.01"]
[Round "3.16"]
[White "Malassagne, Isabelle"]
[Black "Zienkiewicz, Jan"]
[Result "1/2-1/2"]
[ECO "B30"]
[WhiteElo "2090"]
[BlackElo "2164"]
[Annotator "RC"]
[PlyCount "206"]
[EventDate "2024.06.01"]
[EventType "team-tourn"]
[EventCountry "FRA"]
[SourceTitle "playchess.com"]
[Source "ChessBase"]
[SourceQuality "1"]
[TimeControl "40/5400+30:1800+30"]

1. e4 c5 2. Nf3 Nc6 3. Bb5 e6 4. O-O Nge7 5. d4 cxd4 6. Nxd4 Ng6 7. Be3 a6 8. Be2 Qc7 9. Nxc6 Qxc6 10. Qd3 b5 11. a4 b4 12. Nd2 Bb7 13. Qc4 Be7 14. Qxc6 Bxc6 15. f4 O-O 16. Bd3 e5 17. f5 Nf4 18. Nc4 Nxd3 19. cxd3 f6 20. Rfc1 Kf7 21. b3 Rab8 22. Ra2 Bb7 23. Nb6 Rfd8 24. Rac2 Ke8 25. Rc7 Bd6 26. R7c2 Bc6 27. Nc4 Bc7 28. g4 Kf7 29. Nd2 Rdc8 30. Kf2 Bd8 31. Nc4 Bc7 32. Bc5 Rd8 33. Nd6+ Bxd6 34. Bxd6 Rb7 35. Ke3 a5 36. h4 Ra8 37. g5 Ra6 38. Bc5 Bxa4 39. bxa4 d6 40. Bxb4 axb4 41. Rc7+ Rxc7 42. Rxc7+ Kf8 43. gxf6 gxf6 44. Rxh7 Rxa4 45. Rb7 Ra1 46. Rxb4 Rh1 47. Rb6 Rxh4 48. Rxd6 Kg7 49. Kd2 Rh8 50. Rd7+ Kh6 51. Ke3 Ra8 52. Rf7 Ra6 53. Kf3 Rb6 54. Re7 Rb3 55. Ke3 Ra3 56. Re6 Kg7 57. Rb6 Rc3 58. Rd6 Rc2 59. Kf3 Rb2 60. Ra6 Rc2 61. Ke3 Rb2 62. Ra3 Rc2 63. Ra1 Rb2 64. Rd1 Kf7 65. Rd2 Rb3 66. Ra2 Rb7 67. Kd2 Rc7 68. Rc2 Ra7 69. Rc6 Ra3 70. Kc2 Ke7 71. Rc3 Ra7 72. Kb2 Rb7+ 73. Rb3 Rd7 74. Kc3 Rc7+ 75. Kd2 Ra7 76. Ke3 Rd7 77. Rb4 Ra7 78. Rb8 Ra3 79. Rb7+ Ke8 80. Kd2 Kf8 81. Kc2 Ke8 82. Rb3 Ra7 83. Kc3 Rc7+ 84. Kd2 Ke7 85. Ke3 Rd7 86. Rb1 Kf7 87. Rb5 Ke7 88. Ra5 Rd6 89. Ra7+ Ke8 90. Ra4 Ke7 91. d4 exd4+ 92. Rxd4 Rxd4 93. Kxd4 Kd6 94. Kd3 Kd7 95. Ke3 Ke7 96. Kd2 Kd8 97. Kc3 Kc7 98. Kb4 Kd6 99. Kc4 Kc6 100. Kd3 Kd7 101. Kd2 Kd8 102. Kc2 Kc8 103. Kb3 Kd7 1/2-1/2

[Event "French Top 16-A 2024"]
[Site "Chartres"]
[Date "2024.06.02"]
[Round "4.1"]
[White "Erigaisi Arjun"]
[Black "Travadon, Loic"]
[Result "1-0"]
[ECO "A50"]
[WhiteElo "2762"]
[BlackElo "2446"]
[Annotator "TA"]
[PlyCount "27"]
[EventDate "2024.06.01"]
[EventType "team-tourn"]
[EventCountry "FRA"]
[SourceTitle "playchess.com"]
[Source "ChessBase"]
[SourceQuality "1"]
[TimeControl "40/5400+30:1800+30"]

1. c4 b6 2. d4 Bb7 3. Nc3 e6 4. a3 Nf6 5. d5 Bc5 6. Nf3 O-O 7. Bg5 Be7 8. h4 {[%emt 0:03:50] The position is equal.} d6 9. e3 c6 ({Better is} 9... h6 $11) 10. dxe6 $14 fxe6 11. Bd3 {[%emt 0:07:34] White has more active pieces. The black rooks are passive.} c5 $2 {[%emt 0:13:54] [#]} ({Black should try} 11... Nbd7 $14) 12. Bxf6 $1 $18 Bxf6 {[%emt 0:01:59] [#]} 13. Ng5 $1 Bxg5 $2 (13... h6) (13... Bxc3+ 14. bxc3) 14. Bxh7+ {[%emt 0:02:32] Black got outplayed after the opening.   Weighted Error Value: White=0.10 (very precise) /Black=0.79.  Loses game:     	---       	Black=1      Mistake:       	---       	Black=2      Inaccurate:     	White=2     	Black=1      OK:         	White=3     	Black=1      Best:        	White=1     	---} 1-0

[Event "French Top 16-A 2024"]
[Site "Chartres"]
[Date "2024.06.02"]
[Round "4.1"]
[White "Harikrishna, Pentala"]
[Black "Lupulescu, Constantin"]
[Result "1-0"]
[ECO "A20"]
[WhiteElo "2700"]
[BlackElo "2588"]
[Annotator "TA"]
[PlyCount "52"]
[EventDate "2024.06.01"]
[EventType "team-tourn"]
[EventCountry "FRA"]
[SourceTitle "playchess.com"]
[Source "ChessBase"]
[SourceQuality "1"]
[TimeControl "40/5400+30:1800+30"]

1. c4 e5 2. g3 c6 3. d4 e4 4. a3 d5 5. Nc3 Be7 6. Bg2 Nf6 7. f3 exf3 8. Nxf3 {[%emt 0:00:07] The position is equal.} dxc4 9. O-O O-O 10. e4 b5 11. Kh1 Na6 12. Qc2 Nc7 13. Bf4 Bb7 14. Rad1 Qc8 (14... a6 $11 {remains equal.}) 15. Nh4 $16 {[%emt 0:02:44][%mdl 1024] White has strong compensation. White is more active.} Ne6 (15... Nfe8 $16) 16. Nf5 $18 Qd7 (16... Qe8 $142 17. Nd6 Bxd6 18. Bxd6 Qd7) 17. Be3 {[%emt 0:14:50] d5 is the strong threat.} Rfc8 (17... Ng4 $16 {keeps fighting.}) 18. d5 cxd5 19. e5 (19. Nxd5 Nxd5 20. exd5 Nc5 $11) 19... Ng4 {[%emt 0:04:18] White must now prevent ...Nxe3.} 20. Nxd5 Bxd5 21. Rxd5 Qe8 22. Bc1 {[%emt 0:01:17] A strong pair of Bishops.} Nc7 $2 {[%emt 0:04:33] [#]} (22... Rd8 {was called for.} 23. h3 Rxd5) 23. Qe2 $1 {[%emt 0:02:55] White is clearly winning.} h5 {[%emt 0:02:13] [#]} ({Don't blunder} 23... Nxd5 $2 24. Qxg4 g6 25. Bxd5) 24. h3 $1 Nxd5 25. Bxd5 ({Less strong is} 25. hxg4 Rd8 $16) 25... Rc5 26. e6 Bf8 {[%emt 0:06:46] Weighted Error Value: White=0.06 (flawless) /Black=0.42.  Mistake:       	---       	Black=5      Inaccurate:     	White=1     	Black=1      OK:         	White=9     	Black=10     Best:        	White=4     	---} 1-0

[Event "French Top 16-A 2024"]
[Site "Chartres"]
[Date "2024.06.02"]
[Round "4.2"]
[White "Demuth, Adrien"]
[Black "Esipenko, Andrey"]
[Result "1/2-1/2"]
[ECO "A38"]
[WhiteElo "2506"]
[BlackElo "2704"]
[Annotator "TA"]
[PlyCount "111"]
[EventDate "2024.06.01"]
[EventType "team-tourn"]
[EventCountry "FRA"]
[SourceTitle "playchess.com"]
[Source "ChessBase"]
[SourceQuality "1"]
[TimeControl "40/5400+30:1800+30"]

1. c4 c5 2. Nf3 Nc6 3. Nc3 Nf6 4. g3 d5 5. cxd5 Nxd5 6. Bg2 g6 7. O-O Bg7 8. d3 O-O 9. Nxd5 Qxd5 10. Be3 Bd7 11. Nd2 Qh5 12. Bf3 Bg4 13. Bxg4 Qxg4 14. Bxc5 Bxb2 15. Rb1 Bd4 16. Ba3 Qd7 17. Nb3 Bb6 18. Bb2 Rfd8 19. Rc1 Qd5 20. Rc4 {[%emt 0:04:11] [#]} Qxc4 $1 21. dxc4 Rxd1 22. Rxd1 Kf8 23. e3 Rc8 24. a3 Ke8 25. Kf1 Na5 26. Nxa5 Bxa5 $11 {[%emt 0:00:30][%mdl 4096] Endgame. KRB-KRB} 27. Rc1 Kd7 28. Ke2 Rc6 29. Rd1+ Ke6 30. Rd5 Bc7 31. Kd3 Bd6 32. Rb5 b6 33. a4 Bc5 34. Bd4 a6 35. Rb1 Kd6 $1 36. Kc3 e5 37. Bxc5+ Kxc5 {[%emt 0:00:01] KR-KR} 38. a5 bxa5 39. Rb7 Rf6 40. f4 exf4 41. exf4 a4 (41... h5 $15) 42. Rc7+ {[%emt 0:05:17] The position is equal.} Kb6 43. Rd7 a5 44. h4 h5 45. Re7 Rf5 46. Rd7 Rf6 47. Re7 Ka6 {[%emt 0:01:38] aiming for ...Rb6.} 48. Kb2 $1 Rb6+ 49. Ka2 Rb7 50. Re5 Rc7 51. f5 $1 Kb7 52. fxg6 fxg6 (52... Rxc4 $2 {is the wrong capture.} 53. g7 (53. Rxh5 fxg6 54. Rg5 Rc6 $11) (53. gxf7 Rc2+ 54. Ka3 Rf2 $18) 53... Rc8 54. Rxh5 $18 (54. Rxa5 Rg8 $11)) 53. Rg5 Rc6 54. g4 Rxc4 55. gxh5 gxh5 56. Rxh5 {[%emt 0:00:03] An interesting draw.   Weighted Error Value: White=0.03 (flawless) /Black=0.04 (flawless) .  Mistake:       	---       	Black=1      Inaccurate:     	White=1     	---        OK:         	White=22    	Black=18     Strong:       	White=2     	Black=1} 1/2-1/2

[Event "French Top 16-A 2024"]
[Site "Chartres"]
[Date "2024.06.02"]
[Round "4.2"]
[White "Malassagne, Raphael"]
[Black "Ganguly, Surya Shekhar"]
[Result "1-0"]
[ECO "B13"]
[WhiteElo "2260"]
[BlackElo "2576"]
[Annotator "RC"]
[PlyCount "89"]
[EventDate "2024.06.01"]
[EventType "team-tourn"]
[EventCountry "FRA"]
[SourceTitle "playchess.com"]
[Source "ChessBase"]
[SourceQuality "1"]
[TimeControl "40/5400+30:1800+30"]

1. d4 d5 2. Bf4 Nf6 3. e3 c5 4. Nc3 cxd4 5. exd4 a6 6. Nf3 Nc6 7. Ne5 Bd7 8. g3 e6 9. Bg2 Qb6 10. O-O Qxb2 11. Nxd5 exd5 12. Nxd7 Nxd7 13. c4 Qxd4 14. Re1+ Kd8 15. Qh5 Bc5 16. Be3 g6 17. Bxd4 gxh5 18. Bxh8 d4 19. Rad1 Kc7 20. Bxc6 Rxh8 21. Bxd7 Kxd7 22. Re5 b6 23. Rxh5 Ke6 24. Kf1 Kf6 25. Rd5 a5 26. a4 Rc8 27. Ke2 Re8+ 28. Kd3 h6 29. h4 Re6 30. h5 Re8 31. Rg1 Kg7 32. Rf5 Re6 33. g4 f6 34. Rf4 Re8 35. Re4 Rg8 36. f3 Kf7 37. Rg2 Rc8 38. Rge2 Rg8 39. Rf4 Rc8 40. Rf5 Rc7 41. Re4 Rc8 42. Rd5 Rc7 43. Rd8 b5 44. cxb5 Bb6 45. Rexd4 1-0

[Event "French Top 16-A 2024"]
[Site "Chartres"]
[Date "2024.06.02"]
[Round "4.3"]
[White "Vachier-Lagrave, Maxime"]
[Black "Karthik Venkataraman"]
[Result "1/2-1/2"]
[ECO "B92"]
[WhiteElo "2732"]
[BlackElo "2606"]
[Annotator "TA"]
[PlyCount "44"]
[EventDate "2024.06.01"]
[EventType "team-tourn"]
[EventCountry "FRA"]
[SourceTitle "playchess.com"]
[Source "ChessBase"]
[SourceQuality "1"]
[TimeControl "40/5400+30:1800+30"]

1. e4 c5 2. Nf3 d6 3. d4 cxd4 4. Nxd4 Nf6 5. Nc3 a6 6. Be2 e5 7. Nb3 Be7 8. Be3 Be6 9. O-O O-O 10. Re1 Qc7 11. Bf3 Rc8 12. a4 Nbd7 13. a5 h6 14. h3 Rab8 15. Nd2 Bd8 16. Nf1 b5 17. axb6 Nxb6 18. Bc1 Nc4 19. b3 Na5 20. Bb2 Nc4 21. Bc1 Na5 22. Bb2 Nc4 {[%emt 0:00:24] Weighted Error Value: White=0.09 (flawless) /Black=0.06 (flawless) .  Inaccurate:     	White=1     	Black=2      OK:         	White=5     	Black=7      Best:        	White=1     	Black=1} 1/2-1/2

[Event "French Top 16-A 2024"]
[Site "Chartres"]
[Date "2024.06.02"]
[Round "4.3"]
[White "Postny, Evgeny"]
[Black "Saya, Ethan"]
[Result "1-0"]
[ECO "E17"]
[WhiteElo "2602"]
[BlackElo "2234"]
[Annotator "TA"]
[PlyCount "53"]
[EventDate "2024.06.01"]
[EventType "team-tourn"]
[EventCountry "FRA"]
[SourceTitle "playchess.com"]
[Source "ChessBase"]
[SourceQuality "1"]
[TimeControl "40/5400+30:1800+30"]

1. d4 Nf6 2. c4 e6 3. Nf3 b6 4. g3 Bb7 5. Bg2 Be7 6. O-O O-O 7. Re1 a5 8. Nc3 Ne4 9. Qc2 Nxc3 {[%emt 0:00:50] White is slightly better.} 10. bxc3 f5 {[%emt 0:01:56] [#]} 11. d5 $1 Na6 12. e4 fxe4 13. Rxe4 exd5 14. cxd5 Bxd5 {[%emt 0:00:53] [#] Loses the game.} (14... Bf6 $14) 15. Rxe7 $1 $18 Qxe7 16. Ng5 Qe1+ 17. Bf1 g6 {[%emt 0:01:34] [#] And now ...Bc4 would win.} 18. Bb2 $1 Qe7 19. c4 $1 $40 {[%emt 0:14:46][%cal Bc3c4,Bc4d5,Bd5d6][%mdl 160] White has strong attack. Some like it hot} Qxg5 20. cxd5 {[%emt 0:00:07] Qc3 is the strong threat.} (20. Qc3 Qf6 21. Qxf6 Rxf6 22. Bxf6 Kf7 $17) 20... Nc5 (20... Qxd5 21. Qc3 (21. Bc4 Nc5 $18) 21... Kf7 22. Qf6+ Ke8 23. Re1+) 21. Qc3 {[%emt 0:05:11] Inhibits Qf5.} Qh6 {[%emt 0:00:08][%cal Of8f2] Dodges Qg7+. Hoping for ...Rxf2!} 22. d6 $1 {[%emt 0:05:20] Threatens to win with Re1.} ({Inferior is} 22. Qh8+ Kf7 23. Qf6+ Kg8 $11) 22... cxd6 $2 {[%emt 0:02:56] [#]} (22... Rxf2 23. Bc4+ Ne6 24. Kxf2 Qxh2+ 25. Ke1 Qh1+ 26. Kd2 Qg2+ 27. Kc1 Qg1+ 28. Kc2 Qf2+ 29. Kb1 Qg1+ 30. Bc1 cxd6) 23. Bc4+ $1 {[%emt 0:01:08] This pair of bishops is nice.} Ne6 24. Rd1 d5 25. Rxd5 {[%emt 0:02:42] White mates.} Rxf2 26. Qh8+ Kf7 27. Rxd7# {[%emt 0:00:03] Weighted Error Value: White=0.00 (flawless) /Black=0.69.  Mistake:       	---       	Black=2      OK:         	White=4     	Black=7      Best:        	White=1     	Black=2      Strong:       	White=4     	---        Brilliant:      	White=1     	---} 1-0

[Event "French Top 16-A 2024"]
[Site "Chartres"]
[Date "2024.06.02"]
[Round "4.4"]
[White "Parligras, Mircea-Emilian"]
[Black "Martirosyan, Haik M."]
[Result "1/2-1/2"]
[ECO "D37"]
[WhiteElo "2561"]
[BlackElo "2679"]
[Annotator "TA"]
[PlyCount "39"]
[EventDate "2024.06.01"]
[EventType "team-tourn"]
[EventCountry "FRA"]
[SourceTitle "playchess.com"]
[Source "ChessBase"]
[SourceQuality "1"]
[TimeControl "40/5400+30:1800+30"]

1. d4 Nf6 2. c4 e6 3. Nf3 d5 4. Nc3 Nbd7 5. Bf4 dxc4 6. e3 $1 b5 7. Nxb5 Bb4+ 8. Nc3 {[%emt 0:00:40] White is slightly better.} Nd5 9. a3 Nxc3 10. Qd2 Bxa3 11. Qxc3 Bd6 12. Bxd6 cxd6 13. Bxc4 O-O 14. O-O Bb7 15. Be2 a5 16. Rfc1 Nf6 17. Nd2 Ne4 18. Nxe4 Bxe4 19. Bd3 Bxd3 20. Qxd3 {[%emt 0:00:07] Weighted Error Value: White=0.05 (flawless) /Black=0.04 (flawless) .  Inaccurate:     	White=1     	---        OK:         	White=8     	Black=6      Best:        	White=1     	Black=1} 1/2-1/2

[Event "French Top 16-A 2024"]
[Site "Chartres"]
[Date "2024.06.02"]
[Round "4.4"]
[White "Bonte, Andrei-Mihai"]
[Black "Barseghyan, Harutyun"]
[Result "0-1"]
[ECO "D38"]
[WhiteElo "2270"]
[BlackElo "2431"]
[Annotator "RC"]
[PlyCount "58"]
[EventDate "2024.06.01"]
[EventType "team-tourn"]
[EventCountry "FRA"]
[SourceTitle "playchess.com"]
[Source "ChessBase"]
[SourceQuality "1"]
[TimeControl "40/5400+30:1800+30"]

1. d4 Nf6 2. Nf3 e6 3. c4 d5 4. Nc3 Bb4 5. cxd5 exd5 6. Bg5 h6 7. Bxf6 Qxf6 8. g3 c6 9. Bg2 O-O 10. O-O Nd7 11. a3 Bd6 12. b4 Qe7 13. Qd3 Re8 14. e3 Nf6 15. Nd2 g6 16. Nb3 Bf5 17. Qd1 h5 18. Re1 h4 19. Bf3 hxg3 20. hxg3 Kg7 21. Kg2 Rh8 22. Rh1 Rxh1 23. Qxh1 Rh8 24. Qd1 Ne4 25. Nxe4 dxe4 26. Be2 Qg5 27. d5 Bh3+ 28. Kh2 Bxg3+ 29. fxg3 Bf1+ 0-1

[Event "French Top 16-A 2024"]
[Site "Chartres"]
[Date "2024.06.02"]
[Round "4.5"]
[White "Cornette, Matthieu"]
[Black "Wirig, Anthony"]
[Result "*"]
[ECO "B35"]
[WhiteElo "2568"]
[BlackElo "2453"]
[Annotator "RC"]
[PlyCount "22"]
[EventDate "2024.06.01"]
[EventType "team-tourn"]
[EventCountry "FRA"]
[SourceTitle "playchess.com"]
[Source "ChessBase"]
[SourceQuality "1"]
[TimeControl "40/5400+30:1800+30"]

1. e4 c5 2. Nf3 Nc6 3. d4 cxd4 4. Nxd4 g6 5. Nc3 Bg7 6. Be3 Nf6 7. Bc4 O-O 8. Bb3 Re8 9. f3 d5 10. Nxd5 Nxd5 11. exd5 Nb4 *

[Event "French Top 16-A 2024"]
[Site "Chartres"]
[Date "2024.06.02"]
[Round "4.5"]
[White "Bailet, Pierre"]
[Black "Emmenecker, Pierre-Antoine"]
[Result "1/2-1/2"]
[ECO "C42"]
[WhiteElo "2492"]
[BlackElo "2306"]
[Annotator "TA"]
[PlyCount "104"]
[EventDate "2024.06.01"]
[EventType "team-tourn"]
[EventCountry "FRA"]
[SourceTitle "playchess.com"]
[Source "ChessBase"]
[SourceQuality "1"]
[TimeControl "40/5400+30:1800+30"]

1. e4 e5 2. Nf3 Nf6 3. Nxe5 d6 4. Nf3 Nxe4 5. d4 d5 6. Bd3 Bf5 7. O-O Be7 8. Re1 O-O 9. Nbd2 {[%emt 0:04:54] C42: Petroff Defence: 3 Nxe5 and unusual White 3rd moves.} Nd6 10. Bxf5 Nxf5 11. Nf1 Bd6 12. Qd3 Qf6 $146 ({Predecessor:} 12... Qd7 13. Ne5 Bxe5 14. Rxe5 Ne7 15. Re2 c6 16. Bg5 Ng6 17. Rae1 f6 18. Bd2 Na6 {½-½ Cipka,I-Sanner,Z (2380) Webchess op1 Gr14 email 2005}) 13. Qb3 Nxd4 14. Nxd4 Qxd4 15. Qxb7 Nd7 16. Be3 Qe4 17. Qb5 (17. Ng3 {seems wilder.} Qxc2 18. Rac1 Qa4 19. Qxd5 Nf6 20. Qc4) 17... Nf6 18. Qd3 (18. Qc6 {is more complex.} Rae8 19. Bg5 Qf5 20. Rxe8 Nxe8 21. Be3) 18... Qxd3 19. cxd3 Rfb8 20. Re2 c5 21. Bg5 Ng4 22. d4 (22. Rd1 $11 {remains equal.}) 22... cxd4 $17 23. Rd1 f6 $1 24. Bh4 Bc5 25. Bg3 Re8 26. Rxe8+ Rxe8 27. b4 Bb6 (27... Bxb4 $6 28. Rxd4 Re4 29. Rxd5 $11) 28. a4 {[%emt 0:00:05] [#]} Ne3 (28... a6 $1 $17 29. a5 Ba7) 29. Re1 $11 a5 ({Better is} 29... a6 $11) 30. b5 (30. fxe3 dxe3 31. bxa5 Bxa5 32. Rxe3 Bb6 $11) (30. Nd2 $1 $14) 30... Kf7 $11 31. fxe3 dxe3 32. Nxe3 Rxe3 (32... Bxe3+ 33. Bf2 Bxf2+ 34. Kxf2) 33. Rxe3 Bxe3+ 34. Kf1 $1 ({But not} 34. Bf2 Bxf2+ 35. Kxf2 Ke6 $17) 34... Bb6 35. Bf2 (35. Ke2 $11) 35... d4 (35... Bxf2 $17 36. Kxf2 Ke7) 36. Bg3 Ke6 ({Wrong is} 36... d3 $2 37. Ke1 $18) 37. Ke2 Kd5 38. Kd3 g5 39. Be1 f5 40. h3 $2 (40. g3 $11) 40... f4 $19 41. Bf2 $2 (41. g3 fxg3 42. Bxg3) 41... h5 $1 $19 42. g4 fxg3 43. Bxg3 g4 $2 ({Black should play} 43... h4 $1 $19 44. Bf2 Bc5) 44. hxg4 $11 hxg4 45. Bf2 Bc5 46. Bg3 Be7 47. Be1 Bd8 (47... Bf6 $5 48. b6 $8 Be5 49. Bxa5 g3 $11) 48. Bf2 $2 (48. Bg3 $11) 48... Bf6 $1 $19 49. Be1 {[%emt 0:00:07] [#]} Bd8 $2 (49... Be5 $1 $19 50. Bxa5 g3) 50. Bf2 $11 Bf6 $2 (50... Bb6 $11) 51. Be1 $1 $19 {[%emt 0:00:32] [#]} Bg5 $2 ({Inferior is} 51... Bd8 52. Bg3 $11) (51... Be5 $1 $19 {Hoping for ...g3.} 52. Bxa5 g3) 52. Bf2 $11 Bf6 1/2-1/2

[Event "French Top 16-A 2024"]
[Site "Chartres"]
[Date "2024.06.02"]
[Round "4.5"]
[White "Auvray, Juliette"]
[Black "Tregubov, Pavel V."]
[Result "0-1"]
[ECO "B35"]
[WhiteElo "1969"]
[BlackElo "2562"]
[Annotator "RC"]
[PlyCount "53"]
[EventDate "2024.06.01"]
[EventType "team-tourn"]
[EventCountry "FRA"]
[SourceTitle "playchess.com"]
[Source "ChessBase"]
[SourceQuality "1"]
[TimeControl "40/5400+30:1800+30"]

1. e4 c5 2. Nf3 Nc6 3. d4 cxd4 4. Nxd4 g6 5. Nc3 Bg7 6. Be3 Nf6 7. Bc4 O-O 8. Bb3 Re8 9. f3 d5 10. Nxd5 Nxd5 11. exd5 Nb4 12. c3 Nxd5 13. Bg5 h6 14. Bh4 Nf4 15. O-O Bxd4+ 16. cxd4 Qxd4+ 17. Bf2 Qxb2 18. Rb1 Qf6 19. Ba4 Rf8 20. Re1 e5 21. Bg3 b6 22. Re3 Bf5 23. Rb4 Rfd8 24. Qa1 Qd6 25. Rc4 b5 26. Bxb5 Qb6 27. Qc1 0-1

[Event "French Top 16-A 2024"]
[Site "Chartres"]
[Date "2024.06.02"]
[Round "4.6"]
[White "Cornette, Matthieu"]
[Black "Wirig, Anthony"]
[Result "1/2-1/2"]
[ECO "B45"]
[WhiteElo "2568"]
[BlackElo "2453"]
[Annotator "TA"]
[PlyCount "64"]
[EventDate "2024.06.01"]
[EventType "team-tourn"]
[EventCountry "FRA"]
[SourceTitle "playchess.com"]
[Source "ChessBase"]
[SourceQuality "1"]
[TimeControl "40/5400+30:1800+30"]

1. e4 c5 2. Nf3 e6 3. d4 cxd4 4. Nxd4 Nf6 5. Nc3 Nc6 6. Be2 Bb4 7. O-O Bxc3 8. bxc3 Nxe4 9. Nxc6 dxc6 10. Bd3 Nc5 11. Qg4 {[%emt 0:02:02] The position is equal.} (11. Ba3 {simplifies} Nxd3 12. cxd3 b6 13. Qg4) 11... O-O 12. Ba3 {[%emt 0:11:54] This pair of bishops is nice.} e5 13. Qg3 {[%emt 0:13:11] Really sharp!} b6 14. Bxc5 bxc5 15. Qxe5 $40 {[%emt 0:00:07][%mdl 128] White is up to no good.} Be6 16. Qxc5 {[%emt 0:06:32] White is more active.} Qb6 17. Qe5 Rab8 18. h4 Rfd8 (18... Rbe8 $142) 19. Rfe1 (19. Rab1 $142 Qxb1 20. Rxb1 Rxb1+ 21. Kh2) 19... Rd5 $16 20. Qf4 Rc5 21. Re3 Rd8 22. Rae1 g6 23. Rg3 {[%emt 0:18:22][%cal Oe1e6] [#] And now Rxe6! would win.} Qb8 24. Qf6 {[%emt 0:01:09] Strongly threatening Rxe6.} Rd6 25. Qe7 (25. Rge3 $16) 25... Qd8 $11 26. Qxa7 Ra5 27. Qb7 Qxh4 {[%emt 0:01:00][%cal Oa5h5] [#] White must now prevent ...Rh5!} 28. Re4 Qd8 29. a4 c5 {[%emt 0:00:59] Hoping for ...Rb6. Black is slightly better.} 30. Re1 c4 31. Bf1 Rxa4 32. Rge3 Ra8 {[%emt 0:01:00] Weighted Error Value: White=0.11 (very precise) /Black=0.12 (very precise) .  Mistake:       	White=2     	Black=1      Inaccurate:     	White=2     	Black=3      OK:         	White=12    	Black=10     Best:        	White=1     	Black=1} 1/2-1/2

[Event "French Top 16-A 2024"]
[Site "Chartres"]
[Date "2024.06.02"]
[Round "4.6"]
[White "Loiseau, Quentin"]
[Black "Degraeve, Jean-Marc"]
[Result "*"]
[ECO "B45"]
[WhiteElo "2411"]
[BlackElo "2463"]
[Annotator "RC"]
[PlyCount "24"]
[EventDate "2024.06.01"]
[EventType "team-tourn"]
[EventCountry "FRA"]
[SourceTitle "playchess.com"]
[Source "ChessBase"]
[SourceQuality "1"]
[TimeControl "40/5400+30:1800+30"]

1. e4 c5 2. Nf3 e6 3. d4 cxd4 4. Nxd4 Nf6 5. Nc3 Nc6 6. Be2 Bb4 7. O-O Bxc3 8. bxc3 Nxe4 9. Nxc6 dxc6 10. Bd3 Nc5 11. Qg4 O-O 12. Ba3 e5 *

[Event "French Top 16-A 2024"]
[Site "Chartres"]
[Date "2024.06.02"]
[Round "4.6"]
[White "Dumas, Charles"]
[Black "Migot, Tangi"]
[Result "0-1"]
[ECO "B22"]
[WhiteElo "2256"]
[BlackElo "2326"]
[Annotator "RC"]
[PlyCount "108"]
[EventDate "2024.06.01"]
[EventType "team-tourn"]
[EventCountry "FRA"]
[SourceTitle "playchess.com"]
[Source "ChessBase"]
[SourceQuality "1"]
[TimeControl "40/5400+30:1800+30"]

1. e4 c5 2. c3 d5 3. exd5 Qxd5 4. d4 Nf6 5. Nf3 e6 6. Be3 cxd4 7. cxd4 Bb4+ 8. Nc3 O-O 9. Bd3 Bd7 10. O-O Bxc3 11. bxc3 Bb5 12. Bxb5 Qxb5 13. Rb1 Qa6 14. Qb3 b6 15. Ne5 Rc8 16. Rbc1 Nc6 17. Nc4 b5 18. Qa3 Qxa3 19. Nxa3 b4 20. Nb5 Ne4 21. c4 a6 22. f3 Nf6 23. Nd6 Rd8 24. Nb7 Rdc8 25. Nd6 Rc7 26. Rfd1 Rd8 27. Ne4 Na5 28. d5 Rxc4 29. Bb6 Rdc8 30. Rb1 Nb7 31. Nxf6+ gxf6 32. dxe6 fxe6 33. Rd7 Nc5 34. Rd6 Na4 35. Ba5 Rc1+ 36. Rxc1 Rxc1+ 37. Kf2 Rc2+ 38. Kg3 Nc3 39. Bxb4 Ne2+ 40. Kh3 Rxa2 41. Bc5 Kf7 42. g3 a5 43. Kg4 Rc2 44. Be3 a4 45. Ra6 Rc3 46. Bf2 a3 47. f4 Nc1 48. Bd4 Rd3 49. Ra4 Kg6 50. f5+ exf5+ 51. Kh4 a2 52. Ba1 Rd2 53. h3 Nb3 54. Bc3 Rc2 0-1

[Event "French Top 16-A 2024"]
[Site "Chartres"]
[Date "2024.06.02"]
[Round "4.7"]
[White "Pelletier, Yannick"]
[Black "Milliet, Sophie"]
[Result "*"]
[ECO "E98"]
[WhiteElo "2515"]
[BlackElo "2385"]
[Annotator "RC"]
[PlyCount "24"]
[EventDate "2024.06.01"]
[EventType "team-tourn"]
[EventCountry "FRA"]
[SourceTitle "playchess.com"]
[Source "ChessBase"]
[SourceQuality "1"]
[TimeControl "40/5400+30:1800+30"]

1. d4 Nf6 2. c4 g6 3. Nc3 Bg7 4. e4 d6 5. Be2 O-O 6. Nf3 e5 7. O-O Nc6 8. d5 Ne7 9. Ne1 Ne8 10. Be3 f5 11. f3 Kh8 12. Nd3 Ng8 *